 Dungeon Crawl Stone Soup version 0.29-a0-111-gbaf749a769 (webtiles) character file.

Game seed: 16729607588802612295

2427 kae the Ruffian (level 9, -1/86 HPs)
             Began as a Pale Draconian Transmuter on Feb 17, 2022.
             Was a Follower of Ru.
             Slain by a killer bee (5 damage)
             ... on level 8 of the Dungeon.
             The game lasted 00:04:04 (7492 turns).

kae the Ruffian (Pale Draconian Transmuter)         Turns: 7492, Time: 00:04:04

Health: -1/86      AC: 11    Str: 15    XL:     9   Next: 24%
Magic:  13/15      EV: 10    Int: 16    God:    Ru [*.....]
Gold:   331        SH:  0    Dex: 11    Spells: 9/16 levels left

rFire   x . .      SeeInvis .     - Unarmed
rCold   + + +      Faith    .   (shield currently unavailable)
rNeg    + . .      Spirit   .   (armour unavailable)
rPois   +          Reflect  .   (helmet currently unavailable)
rElec   .          Harm     .   (cloak currently unavailable)
rCorr   .          Rampage  .   (gloves currently unavailable)
Will    .....                   (boots currently unavailable)
Stlth   +.........              (no amulet)
HPRegen 0.24/turn               d - +4 ring of protection
MPRegen 0.14/turn               j - ring of positive energy

@: lethally poisoned (-1 -> -3), ice-form
A: freezing attack, amphibious, boosted hp, (breathe steam), AC +7, large,
unfitting armour, (cold-blooded), hated by all, (steam resistance)
a: End Transformation, Renounce Religion


You were on level 8 of the Dungeon.
You worshipped Ru.
Ru was aware of your devotion.
You were a creature of crystalline ice.
You visited 1 branch of the dungeon, and saw 8 of its levels.

You collected 331 gold pieces.

Inventory:

Jewellery
 d - a +4 ring of protection (left front paw)
 h - a ring of ice
 j - a ring of positive energy (right front paw)
Wands
 k - a wand of iceblast (14)
Scrolls
 f - 2 scrolls of holy word
 g - 2 scrolls of magic mapping
Potions
 a - 3 potions of cancellation
 b - a potion of heal wounds
 c - 2 potions of curing {unknown}
 e - a potion of magic {unknown}
 i - a potion of haste {unknown}


   Skills:
 + Level 4.5 Fighting
 + Level 4.1 Dodging
 * Level 6.7 Unarmed Combat
 + Level 4.2 Spellcasting
 * Level 6.3 Transmutations
 * Level 4.6 Ice Magic
 - Level 2.0 Poison Magic


You had 9 spell levels left.
You knew the following spells:

 Your Spells              Type           Power      Damage    Failure   Level
b - Spider Form           Tmut/Pois      16%        N/A       9%          3
c - Ice Form              Ice/Tmut       21%        N/A       17%         4

Your spell library contained the following spells:

 Spells                   Type           Power      Damage    Failure   Level
 Beastly Appendage        Tmut           46%        N/A       1%          1
 Wereblood                Tmut           23%        N/A       1%          2
 Poisonous Vapours        Pois/Air       12%        N/A       17%         2
 Corpse Rot               Necr/Air       6%         N/A       26%         2
 Mephitic Cloud           Conj/Pois/Air  5%         N/A       36%         3
 Petrify                  Tmut/Erth      13%        N/A       41%         4
 Dazzling Flash           Conj/Hex       6%         N/A       45%         3
 Metabolic Englaciation   Hex/Ice        5%         N/A       87%         5
 Borgnjor's Vile Clutch   Necr/Erth      1%         N/A       99%         5
 Starburst                Conj/Fire      1%         6d3       100%        6
 Statue Form              Tmut/Erth      8%         N/A       100%        6
 Animate Dead             Necr           Unusable   N/A       N/A         4
 Death Channel            Necr           Unusable   N/A       N/A         6

Dungeon Overview and Level Annotations

Branches:
Dungeon (7/15)             Temple (0/1) D:5

Altars:
Elyvilon
Gozag
Hepliaklqana
Nemelex Xobeh
Okawaru
Ru
Vehumet
Zin
The Shining One

Shops:
D:1 (


Innate Abilities, Weirdness & Mutations

You are a creature of crystalline ice.
You have a powerful freezing melee attack.
You are amphibious.
Your maximum health is increased.
Your armour is entirely melded.
You are incapable of wielding weapons or throwing items.
((You can breathe blasts of scalding, opaque steam.))
((Your pale cyan-grey scales are hard. (AC +7)))
You cannot fit into any form of body armour.
((You are cold-blooded and may be slowed by cold attacks.))
You are hated by all.
((You are immune to the effects of steam.))


Message History

* * * LOW HITPOINT WARNING * * *
The killer bee is stunned by your conviction and fails to attack.
The killer bee misses you.
You barely miss the killer bee.
The killer bee is heavily wounded.
The killer bee barely misses you. The bullfrog closely misses you.
The killer bee barely misses you. The killer bee stings you.
* * * LOW HITPOINT WARNING * * *
You are poisoned.
The killer bee poisons you! The bullfrog hits you.
* * * LOW HITPOINT WARNING * * *
You hit the killer bee. You freeze the killer bee.
The killer bee is severely wounded.
You feel sick.
The killer bee stings you but does no damage.
The killer bee closely misses you. The bullfrog closely misses you.
The killer bee misses you.
The killer bee stings you but does no damage.
You hit the killer bee. You freeze the killer bee.
You kill the killer bee!
You feel sick.
The killer bee stings you but does no damage.
The bullfrog hits you but does no damage.
The killer bee stings you but does no damage.
You barely miss the killer bee.
You feel sick. The bullfrog closely misses you.
The killer bee barely misses you.
The bullfrog hits you but does no damage.
The killer bee completely misses you.
You punch the killer bee! You freeze the killer bee.
The killer bee is almost dead.
You feel sick. The killer bee stings you.
* * * LOW HITPOINT WARNING * * *
The bullfrog is stunned by your conviction and fails to attack.
The killer bee stings you.
* * * LOW HITPOINT WARNING * * *
The bullfrog hits you but does no damage.
You closely miss the killer bee.
The killer bee is almost dead.
You feel sick. The killer bee stings you.
You die...

#.........#
#.........#
#.....)...#
#.........#
#.........#
##........#
#...:...._#
#......†F.#
(.......Y.#
.......y†.#
..........#
.#.......##
#......##
#.###### ..


You could see a bullfrog and a killer bee.

Vanquished Creatures
  A water moccasin (D:6)
  3 black bears
  4 ice beasts
  2 ogres
  A centaur (D:6)
  A phantom (D:6)
  2 wyvern zombies
  A bullfrog (D:6)
  2 scorpions
  A water moccasin skeleton (D:6)
  4 wights (D:7)
  4 killer bees (D:8)
  A bullfrog zombie (D:5)
  A centaur skeleton (D:4)
  4 jellies
  A hound (D:6)
  A gnoll shaman (D:7)
  2 iguanas
  2 orc wizards
  A hound skeleton (D:4)
  11 adders
  10 gnolls
  2 howler monkey skeletons
  A shadow imp (D:5)
  A white imp (D:7)
  An ufetubus (D:6)
  2 dart slugs (D:2)
  14 orcs
  4 bats
  9 endoplasms
  6 giant cockroaches
  3 goblins
  7 hobgoblins
  6 jackals
  6 kobolds
  5 quokkas
  5 ball pythons
  4 frilled lizards
  5 rats
141 creatures vanquished.

Vanquished Creatures (others)
  7 fungi (D:5)
7 creatures vanquished.

Grand Total: 148 creatures vanquished

Notes
Turn   | Place    | Note
-------+----------+-------------------------------------------
     0 | D:1      | kae the Draconian Transmuter began the quest for the Orb.
     0 | D:1      | Reached XP level 1. HP: 16/16 MP: 3/3
   289 | D:1      | Reached XP level 2. HP: 23/23 MP: 3/5
   591 | D:1      | Found Suimopt's Antique Weapon Emporium.
  1049 | D:2      | Reached XP level 3. HP: 22/28 MP: 4/6
  1056 | D:2      | Learned a level 3 spell: Spider Form
  1657 | D:2      | Got the Grimoire of Confrontation
  1946 | D:2      | Reached XP level 4. HP: 31/36 MP: 5/7
  2126 | D:3      | Found a radiant altar of Vehumet.
  2204 | D:3      | Reached skill level 1 in Poison Magic
  2377 | D:3      | Found a faded altar of an unknown god.
  2931 | D:3      | Found an iron altar of Okawaru.
  3332 | D:4      | Reached XP level 5. HP: 38/41 MP: 8/8
  3595 | D:4      | Noticed a black bear
  3603 | D:4      | Killed a black bear
  3604 | D:4      | Reached XP level 6. HP: 36/48 MP: 8/10
  3791 | D:4      | Found a sacrificial altar of Ru.
  3810 | D:4      | Became a worshipper of Ru the Awakened
  3849 | D:4      | Found a glowing golden altar of the Shining One.
  3868 | D:4      | Found an opulent altar of Gozag.
  3893 | D:4      | Found a sparkling altar of Nemelex Xobeh.
  4195 | D:4      | Learned a level 4 spell: Ice Form
  4619 | D:5      | Entered Level 5 of the Dungeon
  4644 | D:5      | Noticed an ice beast
  4657 | D:5      | Reached skill level 1 in Ice Magic
  4657 | D:5      | Your scales start taking on a pale cyan-grey colour.
  4657 | D:5      | Reached XP level 7. HP: 54/56 MP: 9/11
  4657 | D:5      | Gained mutation: You are immune to the effects of steam.
                  | [Pale Draconian growth]
  4682 | D:5      | Reached skill level 5 in Unarmed Combat
  5039 | D:5      | Found a glowing silver altar of Zin.
  5067 | D:5      | Found a staircase to the Ecumenical Temple.
  5154 | D:5      | Found a white marble altar of Elyvilon.
  5155 | D:5      | Gained mutation: You are hated by all. [Ru sacrifice]
  5155 | D:5      | Reached * piety under Ru
  5630 | D:6      | Reached XP level 8. HP: 63/63 MP: 9/13
  5737 | D:6      | Reached skill level 5 in Transmutations
  7073 | D:7      | Reached XP level 9. HP: 69/70 MP: 11/15
  7409 | D:7      | Identified the +4 robe of Jaeklose {Int+7 Dex-3}
  7471 | D:7      | You fall into a shaft and drop 1 floor!
  7491 | D:8      | HP: 4/86 [killer bee (3)]
  7492 | D:8      | Slain by a killer bee

Illustrated notes

Levels and vault maps discovered:
D:1:      evilmike_arrival_rings, layout_basic, serial_shops,
          nicolae_shop_waterfront, serial_park_tiny_2, lemuel_old_faithful
D:2:      layout_basic, corner_web_ring
D:3:      layout_loops_ring, fiery_altar_vehumet, okawaru_gym_becter,
          basic_ecumenical_altar, nicolae_figureground_pulse
D:4:      layout_cave_pods, lemuel_crystal_altar,
          nicolae_ru_great_annihilating_truth,
          mainiacjoe_overflow_concentric_impassable,
          mainiacjoe_overflow_alcove_1, minmay_misc_feat_room,
          due_unseen_surprise
D:5:      layout_rooms, zin_scriptorium, elyvilon_altar_5,
          minmay_temple_entry_statues_fountains, serial_aquarium,
          aquarium_bridge_square [aquarium_subvault_wall,
          aquarium_subvault_bridge, aquarium_subvault_bridge,
          aquarium_subvault_bridge], aquarium_bridge_long_separate
          [aquarium_subvault_wall, aquarium_subvault_bridge,
          aquarium_subvault_wall, aquarium_subvault_window,
          aquarium_subvault_bridge, aquarium_subvault_window],
          aquarium_window_fake, aquarium_window_2, aquarium_window_corridor_1,
          aquarium_window_1, aquarium_view_2b, aquarium_balcony_1b,
          aquarium_pool_2
D:6:      minmay_chambers_of_threes, layout_basic
D:7:      layout_loops_ring
D:8:      layout_rooms, overflow_temple_1_default, lair_entry_dummy

Skill      XL: |  1  2  3  4  5  6  7  8 |
---------------+-------------------------+-----
Dodging        | 2 3 4 |  4.1
Transmutations | 3 4 6 |  6.3
Poison Magic   | 1 2 |  2.0
Fighting       | 2 3 4 |  4.5
Unarmed Combat | 4 5 6 |  6.7
Spellcasting   | 3 4 |  4.2
Ice Magic      | 1 2 4 |  4.6

Action                   |  1- 3 |  4- 6 |  7- 9 || total
-------------------------+-------+-------+-------++-------
Melee: Unarmed           |   131 |   184 |   207 ||   522
       Tailslap          |    20 |    20 |     2 ||    42
       Kick              |    15 |    29 |     3 ||    47
       Headbutt          |     4 |    11 |     2 ||    17
       Punch             |     2 |     6 |     1 ||     9
 Cast: Beastly Appendage |    21 |    25 |     2 ||    48
       Spider Form       |       |     1 |     3 ||     4
       Ice Form          |       |       |    14 ||    14
Invok: Sacrifice Love    |       |       |     1 ||     1
 Abil: Breathe Steam     |       |       |     3 ||     3
  Use: Scroll            |       |    10 |     3 ||    13
 Stab: Sleeping          |     1 |       |       ||     1
       Invisible         |       |     1 |       ||     1
       Paralysed         |       |     1 |       ||     1
       Distracted        |       |       |     1 ||     1
Armor: Skin              |    61 |    57 |   107 ||   225
Dodge: Dodged            |   115 |   136 |   159 ||   410

Table legend: (Time is in decaauts)
 A = Elapsed time spent in this place.
 B = Non-inter-level travel time spent in this place.
 C = Inter-level travel time spent in this place.
 D = Time resting spent in this place.
 E = Time spent auto-exploring this place.
 F = Levels seen in this place.
 G = Mean time per level.
                   A        B        C        D        E       F      G
               +--------+--------+--------+--------+--------+-----+--------+
         Total |   7451 |   7185 |    266 |    391 |   5724 |   8 |  931.4 |
       Dungeon |   7451 |   7185 |    266 |    391 |   5724 |   8 |  931.4 |
               +--------+--------+--------+--------+--------+-----+--------+

Top non-repeatable levels by time:
     D:4: 1512 daAuts
     D:3: 1189 daAuts
     D:6: 1092 daAuts
     D:2: 1074 daAuts
     D:1: 1041 daAuts
     D:5: 774 daAuts
     D:7: 747 daAuts
     D:8: 18 daAuts
